 Dungeon Crawl Stone Soup version 0.21.1-1-g345015f (webtiles) character file.

131 sankara the Conjurer (level 4, -2/33 HPs)
             Began as a Draconian Conjurer on Feb 15, 2018.
             Was an Initiate of Ashenzari.
             Slain by Duvessa
             ... wielding a +0 rapier
              (3 damage)
             ... on level 4 of the Dungeon.
             The game lasted 00:11:35 (3140 turns).

sankara the Conjurer (Draconian Conjurer)           Turns: 3140, Time: 00:11:37

Health: -2/33      AC:  5    Str: 10    XL:     4   Next: 91%
Magic:  2/8        EV: 12    Int: 17    God:    Ashenzari [......]
Gold:   182        SH:  0    Dex: 11    Spells: 1/9 levels left

rFire    . . .     SeeInvis .   a - +0 dagger
rCold    . . .     Gourm    .   (no shield)
rNeg     . . .     Faith    .   (armour unavailable)
rPois    +         Spirit   .   (helmet restricted)
rElec    .         Reflect  .   (no cloak)
rCorr    .         Harm     .   (no gloves)
MR       +....                  (no boots)
Stlth    ++........             (no amulet)
HPRegen  0.11/turn              l - ring of poison resistance
MPRegen  0.11/turn              r - ring of protection from magic

@: very slightly contaminated
A: unfitting armour, cold-blooded, AC +5
a: Curse Item, Renounce Religion


You were on level 4 of the Dungeon.
You worshipped Ashenzari.
Ashenzari was noncommittal.
You were very hungry.

You visited 2 branches of the dungeon, and saw 5 of its levels.

You collected 182 gold pieces.

Inventory:

Hand Weapons
 a - a +0 dagger (weapon)
 b - a +0 hunting sling
Missiles
 d - a throwing net (quivered)
 e - 79 stones
 m - 30 poisoned needles
 w - 6 sling bullets
Jewellery
 l - a ring of poison resistance (left hand)
 r - a ring of protection from magic (right hand)
 v - an uncursed ring of ice
Wands
 s - a wand of random effects (12)
Scrolls
 f - 3 scrolls of identify {unknown}
 n - a scroll of random uselessness {unknown}
 o - 2 scrolls of fear
Potions
 c - 3 potions of haste {unknown}
 g - a potion of mutation {unknown}
 h - 2 potions of flight {unknown}
 j - a potion of agility {unknown}
 k - a potion of lignification {unknown}
 p - a potion of cancellation {unknown}
 t - a potion of might {unknown}
 u - a potion of heal wounds {unknown}
 z - 2 potions of degeneration {unknown}
 A - a potion of invisibility {unknown}
 B - a potion of resistance {unknown}
 C - a potion of brilliance {unknown}
Books
 i - a book of Conjurations

   Spells                             Type                      Level
   a - Magic Dart                     Conjuration                  1
   b - Searing Ray                    Conjuration                  2
   c - Dazzling Spray                 Conjuration/Hexes            3
   d - Fulminant Prism                Conjuration/Hexes            4
   e - Force Lance                    Conjuration/Translocation    4
   f - Iskenderun's Mystic Blast      Conjuration                  4
Comestibles
 q - 6 rations


   Skills:
 - Level 1.7 Dodging
 - Level 1.7 Stealth
 + Level 3.0 Spellcasting
 * Level 5.4 Conjurations
 + Level 1.2 Hexes


You had one spell level left.
You knew the following spells:

 Your Spells              Type           Power        Failure   Level  Hunger
a - Magic Dart            Conj           ###.         1%          1    None
b - Dazzling Spray        Conj/Hex       ##....       13%         3    ###....
c - Iskenderun's Mystic   Conj           ###.....     19%         4    ####...


Dungeon Overview and Level Annotations

Branches:
Dungeon (4/15)             Temple (1/1) D:4

Altars:
Ashenzari
Cheibriados
Dithmenos
Elyvilon
Fedhas
Hepliaklqana
Makhleb
Nemelex Xobeh
Okawaru
Qazlal
Sif Muna
Uskayaw
Vehumet
Wu Jian
Xom
Yredelemnul
Zin
The Shining One

Annotations:
D:4 Dowan, Duvessa


Innate Abilities, Weirdness & Mutations

Your plain brown scales are hard. (AC +5)
You cannot fit into any form of body armour.
You are cold-blooded and may be slowed by cold attacks.


Message History

Aim: Duvessa, wielding a rapier and wearing a leather armour (lightly wounded, fast)
The spray of energy hits Duvessa.
Duvessa is moderately wounded.
You are feeling very hungry.
Duvessa closely misses you. Duvessa hits you but does no damage.
Casting: Dazzling Spray
Confirm with . or Enter, or press ? or * to list all spells.
You don't have enough magic to cast that spell.
Unknown command.
Duvessa says, "When magic and the sword combine, nothing stands against them."
Duvessa hits you with a rapier!
* * * LOW HITPOINT WARNING * * *
Duvessa closely misses you.
Dowan casts a spell.
Dowan blinks!
Duvessa hits you with a rapier.
* * * LOW HITPOINT WARNING * * *
Duvessa misses you.
There is a stone staircase leading up here.
Duvessa hits you with a rapier.
You die...

.............e.o.....
#.......########.##
####.....o...........#
..%..................#
###.................#
#.................#
#.................#
#.e..###..........#
#.@..# #...P......#
#....# #..>.......#
#...## #.P..P.....#
#...# #..........#
#...# ####...#####
##### #####


You could see Duvessa and an orc wizard.

Vanquished Creatures
  A scorpion (D:4)
  3 adders
  An ooze (D:2)
  A worm (D:2)
  A dart slug (D:2)
  A leopard gecko (D:1)
  2 giant cockroaches
  5 goblins
  6 hobgoblins
  3 quokkas
  A ball python (D:3)
  7 bats
  4 frilled lizards
  3 kobolds
  10 rats
49 creatures vanquished.

Notes
Turn   | Place    | Note
-------+----------+-------------------------------------------
     0 | D:1      | sankara the Draconian Conjurer began the quest for the Orb.
     0 | D:1      | Reached XP level 1. HP: 14/14 MP: 3/3
   326 | D:1      | Reached XP level 2. HP: 20/20 MP: 1/5
  1133 | D:2      | Found a burning altar of Makhleb.
  1233 | D:2      | Found a hide-covered altar of Uskayaw.
  1257 | D:2      | Reached XP level 3. HP: 20/26 MP: 6/6
  1488 | D:2      | Learned a level 3 spell: Dazzling Spray
  1926 | D:3      | Reached skill level 5 in Conjurations
  2228 | D:3      | Reached XP level 4. HP: 33/33 MP: 4/8
  2275 | D:3      | Learned a level 4 spell: Iskenderun's Mystic Blast
  2760 | D:4      | Reached skill level 1 in Hexes
  2909 | D:4      | Found a staircase to the Ecumenical Temple.
  2915 | Temple   | Entered the Ecumenical Temple
  3084 | Temple   | Became a worshipper of Ashenzari the Shackled
  3111 | D:4      | Noticed Duvessa
  3115 | D:4      | Noticed Dowan
  3137 | D:4      | HP: 1/33 [Duvessa/rapier (6)]
  3140 | D:4      | Slain by Duvessa

Skill      XL: |  1  2  3  4 |
---------------+-------------+-----
Conjurations   | 5 |  5.4
Spellcasting   | 3 |  3.0
Hexes          | 1 |  1.2
Dodging        | |  1.7
Stealth        | |  1.7

Action                   |  1- 3 |  4- 6 || total
-------------------------+-------+-------++-------
Melee: Dagger            |    33 |     5 ||    38
       Tailslap          |     3 |     2 ||     5
 Fire: Hunting sling     |    11 |       ||    11
 Cast: Magic Dart        |    72 |    17 ||    89
       Dazzling Spray    |       |     3 ||     3
  Use: Scroll            |     4 |       ||     4
 Stab: Invisible         |       |     2 ||     2
  Eat: Chunk             |     5 |     2 ||     7
Armor: Skin              |     5 |       ||     5
Dodge: Dodged            |    19 |     6 ||    25
